 Dungeon Sprint DCSS version 0.30-a0-371-gad7725a93e (webtiles) character file.

Game seed: 5664485245475638316

15971 Kingsmith the Warrior (level 12, -3/152 HPs)
             Began as a Troll Berserker on Nov 21, 2022.
             Was the Champion of Trog.
             Slain by an orc knight
             ... wielding a +0 dire flail
              (38 damage)
             ... in the Dungeon (Sprint IX: "|||||||||||||||||||||||||||||").
             The game lasted 00:07:48 (1125 turns).

Kingsmith the Warrior (Troll Berserker)             Turns: 1125, Time: 00:07:49

Health: -3/152     AC:  9    Str: 28    XL:     12   Next: 5%
Magic:  6/11       EV: 16    Int:  5    God:    Trog [******]
Gold:   1329       SH:  0    Dex: 11    Spells: 11/11 levels left

rFire   + . .      SeeInvis +    m - +8 great mace of a bazaar {vorpal, rElec rPois rF+ rC-}
rCold   x . .      Faith    .    (shield currently unavailable)
rNeg    . . .      Spirit   .    a - +0 animal skin
rPois   +          Reflect  .    t - +2 hat {SInv}
rElec   +          Harm     .    l - +0 cloak
rCorr   .          Rampage  .    (gloves unavailable)
Will    .....      NoTele   +    (boots unavailable)
Stlth   +.........               (no amulet)
HPRegen 1.25/turn                j - +2 ring of evasion
MPRegen 0.12/turn                k - +2 ring of protection

@: on berserk cooldown, slowed, very slow
A: large, unfitting armour, claws 3, regeneration 1, shaggy fur 1, tough skin 1
a: Renounce Religion, Berserk, Trog's Hand, Brothers in Arms


You were in the Dungeon.
You worshipped Trog.
Trog was exalted by your worship.
You visited 1 branch You collected 1329 gold pieces.

Inventory:

Hand Weapons
 m - the +8 great mace of a bazaar (weapon) {vorpal, rElec rPois rF+ rC-}
   (Trog gifted it to you in the Dungeon)

   It inflicts extra damage upon your enemies.
   rF:        It protects you from fire.
   rC:        It makes you vulnerable to cold.
   rElec:     It insulates you from electricity.
   rPois:     It protects you from poison.
 r - a +6 great mace of flaming
 s - a +11 antimagic giant club
Armour
 a - a +0 animal skin (worn)
 l - a +0 cloak (worn)
 t - a +2 hat of see invisible (worn)
Jewellery
 j - a +2 ring of evasion (left claw)
 k - a +2 ring of protection (right claw)
Wands
 i - a wand of quicksilver (10)
 n - a wand of iceblast (7)
Scrolls
 g - 4 scrolls of blinking
 o - a scroll of fear
 p - a scroll of butterflies
 q - 4 scrolls of enchant armour
Potions
 b - 6 potions of curing
 c - 5 potions of heal wounds
 d - 2 potions of haste
 e - 4 potions of magic
 f - a potion of berserk rage
 h - 2 potions of invisibility


   Skills:
 * Level 18.4 Fighting
 + Level 13.6 Maces & Flails
 + Level 13.5 Dodging
 - Level 6.6 Unarmed Combat


You had 11 spell levels left.
You didn't know any spells.
Your spell library was empty.

Dungeon Overview and Level Annotations

Branches:
Dungeon (1/1)

Altars:
Cheibriados
Dithmenos
Elyvilon
Fedhas
Gozag
Hepliaklqana
Kikubaaqudgha
Makhleb
Nemelex Xobeh
Okawaru
Qazlal
Ru
Sif Muna
Trog
Uskayaw
Vehumet
Wu Jian
Xom
Yredelemnul
Zin
The Shining One
Jiyva
Lugonu

Shops:
D =[=*


Innate Abilities, Weirdness & Mutations

You are too large for most types of armour.
You have claws for hands.
Your natural rate of healing is unusually fast.
You are covered in fur. (AC +1)
You have tough skin. (AC +1)


Message History

The orc warrior misses you.
An orc knight comes into view. It is wielding a +0 dire flail.
The orc knight shouts!
You thump the orc warrior!
The orc warrior is severely wounded.
The orc knight roars a battlecry!
The orc warrior barely misses you.
You sock the orc warrior!
You kill the orc warrior!
Trog accepts your kill.
An orc warrior comes into view. It is wielding a +0 battleaxe.
You hit the orc knight.
The orc knight is lightly wounded.
The orc knight closely misses you.
The orc warrior hits you from afar with a +0 halberd!
An orc knight comes into view. It is wielding a +2 war axe.
The orc knight shouts!
You hit the orc knight but do no damage.
The orc knight is lightly wounded.
You hear a shout!
The orc knight no longer looks unusually strong.
The orc knight roars a battlecry!
The orc knight goes into a battle-frenzy!
An orc warrior comes into view. It is wielding a +0 trident.
The orc knight barely misses you.
You bludgeon the orc knight!!
The orc knight is heavily wounded.
The orc knight hits you with a +0 dire flail!!
You barely miss the orc knight.
The orc knight is heavily wounded.
The orc warrior no longer looks unusually strong.
The orc knight hits you with a +0 dire flail!
* * * LOW HITPOINT WARNING * * *
The orc knight roars a battlecry!
The orcs go into a battle-frenzy!
The orc knight hits you with a +0 dire flail!
* * * LOW HITPOINT WARNING * * *
Your iron troll goes berserk!
The orc knight hits you with a +0 dire flail!!!
You die...

▓▓▓▓▓▓▓▓▓▓▓▓▓▓▓▓▓▓▓▓▓▓▓▓
∩oooooo@T$))'...)...))).
▓▓▓▓▓▓▓▓▓▓▓▓▓▓▓▓▓▓▓▓▓▓▓▓▓▓▓▓▓▓▓▓▓
........................).†......
▓▓▓▓▓▓▓▓▓▓▓▓▓▓▓▓▓▓▓▓▓▓▓▓▓▓▓▓▓▓▓▓▓
.[[[[..'..[:........÷÷..†...†.†..
▓▓▓▓▓▓▓▓▓▓▓▓▓▓▓▓▓▓▓▓▓▓▓▓▓▓▓▓▓▓▓▓▓
.................................
▓▓▓▓▓▓▓▓▓▓▓▓▓▓▓▓▓▓▓▓▓▓▓▓▓▓▓▓▓▓▓▓▓
...))[..†.†..[[..)?.'____________


You could see 3 orc knights, 3 orc warriors and a friendly iron troll (summoned,
berserk).

Vanquished Creatures
  Gastronok (D)
  A dire elephant (D)
  A hydra (D)
  6 orc knights (D)
  An orc sorcerer (D)
  5 elephants (D)
  Maurice (D)
  A torpor snail (D)
  3 cane toads (D)
  An unseen horror (D)
  2 komodo dragons (D)
  A tengu conjurer (D)
  A hornet (D)
  A polar bear (D)
  2 wyverns (D)
  A yak (D)
  A shadow (D)
  2 basilisks (D)
  A steam dragon (D)
  An acid dragon (D)
  4 water moccasins (D)
  An ice beast (D)
  7 orc warriors (D)
  A wolf (D)
  A howler monkey (D)
  2 hounds (D)
  5 orc priests (D)
  An adder (D)
  A shadow imp (D)
  6 orcs (D)
  A giant cockroach (D)
  A hobgoblin (D)
  A ball python (D)
  A frilled lizard (D)
  A rat (D)
68 creatures vanquished.

Vanquished Creatures (collateral kills)
  A centaur warrior (D)
  A boulder beetle (D)
  A tengu warrior (D)
  An orc knight (D)
  2 elephants (D)
  A vampire mosquito (D)
  4 orc warriors (D)
  An orc wizard (D)
  An orc (D)
13 creatures vanquished.

Vanquished Creatures (others)
  A shadow (D)
1 creature vanquished.

Grand Total: 82 creatures vanquished

Notes
Turn   | Place    | Note
-------+----------+-------------------------------------------
     0 | D        | Kingsmith the Troll Berserker began the quest for the Orb.
     0 | D        | Reached XP level 1. HP: 22/22 MP: 0/0
    15 | D        | Reached ** piety under Trog
    16 | D        | Reached skill level 3 in Fighting
    31 | D        | Noticed a hound
    31 | D        | Noticed a hound
    31 | D        | Noticed an ice beast
    36 | D        | Reached *** piety under Trog
    37 | D        | Reached XP level 2. HP: 28/31 MP: 1/1
    38 | D        | Killed an ice beast
    39 | D        | Reached skill level 5 in Fighting
    39 | D        | Reached skill level 5 in Unarmed Combat
    39 | D        | Reached XP level 3. HP: 44/44 MP: 2/2
    39 | D        | Reached XP level 4. HP: 52/52 MP: 3/3
    43 | D        | Reached skill level 6 in Fighting
    44 | D        | Reached XP level 5. HP: 61/61 MP: 4/4
    46 | D        | Reached skill level 5 in Dodging
    51 | D        | Found a snail-covered altar of Cheibriados.
    51 | D        | Found a shadowy altar of Dithmenos.
    51 | D        | Found a white marble altar of Elyvilon.
    51 | D        | Found a blossoming altar of Fedhas.
    51 | D        | Found an opulent altar of Gozag.
    52 | D        | Found a hazy altar of Hepliaklqana.
    53 | D        | Found a viscous altar of Jiyva.
    54 | D        | Found an ancient bone altar of Kikubaaqudgha.
    55 | D        | Found a corrupted altar of Lugonu.
    56 | D        | Found a burning altar of Makhleb.
    57 | D        | Found a sparkling altar of Nemelex Xobeh.
    58 | D        | Found an iron altar of Okawaru.
    59 | D        | Found a stormy altar of Qazlal.
    60 | D        | Found a sacrificial altar of Ru.
    61 | D        | Found a shimmering blue altar of Sif Muna.
    62 | D        | Found a bloodstained altar of Trog.
    63 | D        | Found a hide-covered altar of Uskayaw.
    64 | D        | Found a radiant altar of Vehumet.
    65 | D        | Found an ornate altar of the Wu Jian Council.
    66 | D        | Found a shimmering altar of Xom.
    67 | D        | Found a basalt altar of Yredelemnul.
    68 | D        | Found a glowing silver altar of Zin.
    69 | D        | Found a glowing golden altar of the Shining One.
   114 | D        | Noticed a steam dragon
   114 | D        | Noticed an acid dragon
   114 | D        | Noticed a shadow
   114 | D        | Noticed a hornet
   118 | D        | Killed a hornet
   118 | D        | Reached **** piety under Trog
   119 | D        | Reached skill level 8 in Fighting
   119 | D        | Reached XP level 6. HP: 74/74 MP: 5/5
   119 | D        | Killed a shadow
   123 | D        | Killed an acid dragon
   124 | D        | Reached skill level 9 in Fighting
   124 | D        | Reached XP level 7. HP: 83/83 MP: 6/6
   126 | D        | Killed an unseen horror
   127 | D        | Reached skill level 10 in Fighting
   127 | D        | Reached skill level 5 in Maces & Flails
   130 | D        | Killed a steam dragon
   159 | D        | Noticed a centaur warrior
   159 | D        | Noticed a vampire mosquito
   159 | D        | Noticed a tengu conjurer
   159 | D        | Noticed a tengu warrior
   159 | D        | Noticed a shadow
   159 | D        | Noticed a boulder beetle
   171 | D        | Killed a tengu conjurer
   171 | D        | Reached ***** piety under Trog
   172 | D        | Reached XP level 8. HP: 96/96 MP: 7/7
   173 | D        | Reached skill level 11 in Fighting
   177 | D        | Killed a boulder beetle
   178 | D        | Reached skill level 12 in Fighting
   180 | D        | Killed a tengu warrior
   181 | D        | Reached XP level 9. HP: 51/109 MP: 8/8
   182 | D        | Reached skill level 13 in Fighting
   183 | D        | Killed a centaur warrior
   341 | D        | Noticed a cane toad
   341 | D        | Noticed a cane toad
   348 | D        | Reached skill level 10 in Dodging
   359 | D        | Killed a cane toad
   367 | D        | Reached skill level 14 in Fighting
   367 | D        | Reached XP level 10. HP: 122/122 MP: 9/9
   370 | D        | Killed a cane toad
   376 | D        | Received a gift from Trog
   377 | D        | Reached skill level 10 in Maces & Flails
   434 | D        | Noticed a four-headed hydra
   434 | D        | Noticed a torpor snail
   437 | D        | Killed a torpor snail
   447 | D        | Noticed a cane toad
   449 | D        | Reached skill level 15 in Fighting
   451 | D        | Killed a four-headed hydra
   451 | D        | Reached ****** piety under Trog
   460 | D        | Killed a cane toad
   536 | D        | Noticed an elephant
   536 | D        | Noticed an elephant
   536 | D        | Noticed a dire elephant
   536 | D        | Noticed an elephant
   536 | D        | Noticed an elephant
   536 | D        | Noticed an elephant
   539 | D        | Killed an elephant
   539 | D        | Identified the +8 great mace of a bazaar {vorpal, rElec
                  | rPois rF+ rC-} (Trog gifted it to you in the Dungeon)
   539 | D        | Received a gift from Trog
   540 | D        | Noticed an elephant
   546 | D        | Killed a dire elephant
   546 | D        | Noticed an elephant
   547 | D        | Reached skill level 16 in Fighting
   547 | D        | Reached XP level 11. HP: 135/135 MP: 10/10
   829 | D        | Noticed Gastronok
   830 | D        | Noticed Maurice
   842 | D        | Killed Gastronok
   842 | D        | Received a gift from Trog
   843 | D        | Reached skill level 17 in Fighting
   851 | D        | Killed Maurice
   953 | D        | Received a gift from Trog
   970 | D        | Received a gift from Trog
  1010 | D        | Noticed an orc sorcerer
  1010 | D        | Noticed an orc knight
  1024 | D        | Noticed an orc knight
  1025 | D        | Killed an orc knight
  1028 | D        | Killed an orc sorcerer
  1041 | D        | Killed an orc knight
  1041 | D        | Identified the +11 quick blade "Kohening" {vorpal, Fly
                  | rPois rF++ Dex-3} (Trog gifted it to you in the Dungeon)
  1041 | D        | Received a gift from Trog
  1094 | D        | Found Leklioho's General Store.
  1094 | D        | Noticed an orc knight
  1094 | D        | Noticed an orc knight
  1094 | D        | Noticed an orc knight
  1095 | D        | Noticed an orc knight
  1100 | D        | Killed an orc knight
  1101 | D        | Reached skill level 18 in Fighting
  1101 | D        | Found Xeschi Effu's Jewellery Shop.
  1101 | D        | Noticed an orc knight
  1105 | D        | Killed an orc knight
  1108 | D        | Killed an orc knight
  1110 | D        | Found Fywnik's Antique Armour Boutique.
  1112 | D        | Killed an orc knight
  1113 | D        | Reached XP level 12. HP: 152/152 MP: 4/11
  1114 | D        | Found Jatu's Jewellery Shop.
  1125 | D        | Slain by an orc knight

Illustrated notes

Levels and vault maps discovered:
D:        linesprint [early_d, line_temple, items_1, d_10, items_2, lair_1,
          lair_end, items_3, orc_1, orc_end, items_4, d_15, swamp_1, shoals_1,
          snake_1, spider_1, d_20, vaults_1, items_5, swamp_end, shoals_end,
          snake_end, spider_end, vaults_end, d_27, items_6, zot_1, zot_end,
          crypt_end, forest_end, elf_end, slime_end, tomb_end, abyss_end,
          pan_hell_end]

Skill      XL: |  1  2  3  4  5  6  7  8  9 10 11 |
---------------+----------------------------------+-----
Fighting       | 3 5 6 8 9 10 12 14 16 18 | 18.4
Dodging        | 3 4 6 8 9 10 11 13 | 13.5
Unarmed Combat | 5 6 |  6.6
Maces & Flails | 3 4 6 8 9 11 13 | 13.6

Action                   |  1- 3 |  4- 6 |  7- 9 | 10-12 || total
-------------------------+-------+-------+-------+-------++-------
Melee: Unarmed           |    23 |     6 |       |       ||    29
       Punch             |     1 |     2 |     2 |     2 ||     7
       Morningstar       |       |     6 |    43 |    11 ||    60
       Great mace        |       |       |       |    90 ||    90
       Giant club        |       |       |       |    45 ||    45
Invok: Berserk           |     1 |     1 |     2 |     5 ||     9
       Brothers in Arms  |       |       |     1 |     3 ||     4
  Use: Potion            |       |       |     1 |       ||     1
       Scroll            |       |       |       |     1 ||     1
Armor: Animal skin       |     1 |     8 |    16 |    21 ||    46
Dodge: Dodged            |     7 |     3 |    33 |    76 ||   119

Table legend: (Time is in decaauts)
 A = Elapsed time spent in this place.
 B = Non-inter-level travel time spent in this place.
 C = Inter-level travel time spent in this place.
 D = Time resting spent in this place.
 E = Time spent auto-exploring this place.
 F = Levels seen in this place.
 G = Mean time per level.
                   A        B        C        D        E       F      G
               +--------+--------+--------+--------+--------+-----+--------+
         Total |   1180 |   1180 |      0 |    352 |      0 |   1 | 1180.0 |
       Dungeon |   1180 |   1180 |      0 |    352 |      0 |   1 | 1180.0 |
               +--------+--------+--------+--------+--------+-----+--------+

Top non-repeatable levels by time:
       D: 1180 daAuts
